 Dungeon Crawl Stone Soup version 0.29.1-1-gd02db6906a (webtiles) character file.

Game seed: 9175347070331819313

1299 MisterFreud the Cruncher (level 8, 0/61 HPs)
             Began as a Formicid Gladiator on Sept 30, 2022.
             Was an Initiate of Yredelemnul.
             Killed from afar by a steam dragon (11 damage)
             ... with a ball of steam
             ... on level 7 of the Dungeon.
             The game lasted 00:08:31 (6263 turns).

MisterFreud the Cruncher (Formicid Gladiator)       Turns: 6263, Time: 00:08:33

Health: 0/61       AC:  8    Str: 22    XL:     8   Next: 87%
Magic:  8/8        EV: 11    Int:  7    God:    Yredelemnul [......]
Gold:   149        SH:  0    Dex: 15    Spells: 7/7 levels left

rFire   . . .      SeeInvis +   a - +0 quarterstaff
rCold   . . .      Faith    .   n - +0 kite shield
rNeg    . . .      Spirit   .   b - +0 leather armour
rPois   .          Reflect  .   (helmet unavailable)
rElec   .          Harm     .   (no cloak)
rCorr   .          Rampage  .   s - +2 pair of gloves
Will    .....                   j - +1 pair of boots
Stlth   +.........              (no amulet)
HPRegen 0.20/turn               (no ring)
MPRegen 0.11/turn               (no ring)

@: confused, ambrosia-drunk
A: permanent stasis, dig shafts and tunnels, antennae 3, four strong arms
a: Dig, Shaft Self, Renounce Religion, Recall Undead Harvest


You were on level 7 of the Dungeon.
You worshipped Yredelemnul.
Yredelemnul was noncommittal.
You visited 2 branches of the dungeon, and saw 9 of its levels.

You collected 149 gold pieces.

Inventory:

Hand Weapons
 a - a +0 quarterstaff (weapon)
Missiles
 c - 3 throwing nets (quivered)
 d - a javelin
 g - 2 datura-tipped darts
 i - 2 boomerangs
 t - 6 poisoned darts
Armour
 b - a +0 leather armour (worn)
 j - a +1 pair of boots (worn)
 n - a +0 kite shield (worn)
 s - a +2 pair of gloves (worn)
Jewellery
 q - a ring of resist corrosion
Scrolls
 h - 2 scrolls of identify
 l - a scroll of amnesia
 o - 3 scrolls of poison
Potions
 e - 3 potions of curing
 f - 2 potions of lignification
 m - 2 potions of berserk rage
 p - a potion of ambrosia
 r - a potion of brilliance {unknown}
 u - a potion of cancellation {unknown}


   Skills:
 + Level 4.5 Fighting
 + Level 8.0 Staves
 - Level 2.0 Throwing
 - Level 2.6 Dodging
 + Level 7.5 Shields


You had 7 spell levels left.
You didn't know any spells.
Your spell library contained the following spells:

 Spells                   Type           Power      Damage    Failure   Level
 Sting                    Tmut/Pois      0%         1d3       73%         1
 Poisonous Vapours        Pois/Air       0%         N/A       86%         2
 Static Discharge         Conj/Air       0%         3-3/arc   86%         2
 Inner Flame              Hex/Fire       0%         N/A       97%         3
 Cause Fear               Hex            0%         N/A       100%        4
 Dispel Undead            Necr           0%         3d6       100%        4
 Olgreb's Toxic Radiance  Pois           0%         N/A       100%        4
 Sticky Flame             Conj/Fire      0%         2d3       100%        4
 Discord                  Hex            0%         N/A       100%        8


Dungeon Overview and Level Annotations

Branches:
Dungeon (8/15)             Temple (1/1) D:7
   Lair: D:8-11

Altars:
Ashenzari
Hepliaklqana
Makhleb
Nemelex Xobeh
Qazlal
Sif Muna
Vehumet
Yredelemnul
Zin

Shops:
D:5 :

Annotations:
D:7 2 runed translucent doors


Innate Abilities, Weirdness & Mutations

You cannot be hasted, slowed, berserked, paralysed or teleported.
You can dig through walls and to a lower floor.
You have a pair of large antennae on your head. (SInv)
Your four strong arms can wield two-handed weapons with a shield.


Message History

The steam dragon is almost dead.
You block the steam dragon's attack. x2
You barely miss the steam dragon.
The steam dragon is almost dead.
You block the steam dragon's attack. The steam dragon closely misses you.
You hit the steam dragon.
The steam dragon is almost dead.
The steam dragon bites you.
The steam dragon claws you but does no damage.
You barely miss the steam dragon.
The steam dragon is almost dead.
The steam dragon breathes steam at you. The ball of steam hits you!
You closely miss the steam dragon.
The steam dragon is almost dead.
You are engulfed in a cloud of scalding steam.
* * * LOW HITPOINT WARNING * * *
The steam dragon bites you but does no damage.
The steam dragon closely misses you.
Okay, then.
Unknown command.
You are confused.
You feel invigorated.
You are engulfed in a cloud of scalding steam.
* * * LOW HITPOINT WARNING * * *
The steam dragon closely misses you. The steam dragon barely misses you.
You bump into the rock wall.
You are engulfed in a cloud of scalding steam.
* * * LOW HITPOINT WARNING * * *
The steam dragon bites you!
* * * LOW HITPOINT WARNING * * *
The steam dragon claws you but does no damage.
Unknown command.
You bump into the rock wall.
You are engulfed in a cloud of scalding steam.
* * * LOW HITPOINT WARNING * * *
The steam dragon breathes steam at you. The ball of steam hits you!
You die...
Your body rises from the dead as a mindless zombie.

{ +......# ##..#
#....# ##..##
##)##.# ##..##
#.))..## ##..##
#'###..# ##..##
#.#.##.## ##..##
##.#§#..####..##
{ ###§#...##..##
#@#......##
§#D#.....##
#.D§l##....##
######.....##
.....#..#.#
..#######.## .
#..# ####


You could see a komodo dragon and a steam dragon (catching breath).

Vanquished Creatures
  2 ice beasts
  A necrophage (D:5)
  A bullfrog (D:6)
  A scorpion (D:7)
  5 wights (D:7)
  A killer bee (D:6)
  A howler monkey (D:5)
  3 jellies
  An orc priest (D:5)
  7 orc wizards
  6 adders
  A shadow imp (D:4)
  A white imp (D:4)
  4 worms
  2 dart slugs (D:4)
  19 orcs
  6 endoplasms
  2 giant cockroaches (D:3)
  9 goblins
  4 hobgoblins
  3 kobolds
  4 quokkas
  6 ball pythons
  2 bats
  3 frilled lizards
  2 rats (D:2)
97 creatures vanquished.

Vanquished Creatures (collateral kills)
  A wyvern (D:8)
  An orc (D:8)
2 creatures vanquished.

Vanquished Creatures (others)
  A scorpion zombie (D:7)
  A jelly zombie (D:7)
  2 plants (D:8)
4 creatures vanquished.

Grand Total: 103 creatures vanquished

Notes
Turn   | Place    | Note
-------+----------+-------------------------------------------
     0 | D:1      | MisterFreud the Formicid Gladiator began the quest for the
                  | Orb.
     0 | D:1      | Reached XP level 1. HP: 16/16 MP: 1/1
   108 | D:1      | Found a faded altar of an unknown god.
   420 | D:1      | Reached XP level 2. HP: 22/22 MP: 2/2
  1145 | D:2      | Found a radiant altar of Vehumet.
  1198 | D:2      | Reached skill level 4 in Staves
  1198 | D:2      | Reached XP level 3. HP: 21/27 MP: 3/3
  1812 | D:2      | Reached XP level 4. HP: 31/33 MP: 4/4
  1905 | D:3      | Reached skill level 5 in Staves
  2414 | D:3      | Reached XP level 5. HP: 38/38 MP: 5/5
  2532 | D:3      | Found a glowing drain.
  2733 | D:3      | Found a glowing silver altar of Zin.
  2953 | D:4      | Noticed an ice beast
  3001 | D:4      | Reached skill level 1 in Shields
  3006 | D:4      | Killed an ice beast
  3007 | D:4      | Reached XP level 6. HP: 36/44 MP: 6/6
  3095 | D:4      | Reached skill level 6 in Staves
  3814 | D:5      | Entered Level 5 of the Dungeon
  3939 | D:5      | Noticed an ice beast
  3950 | D:5      | Killed an ice beast
  3951 | D:5      | Reached XP level 7. HP: 50/50 MP: 7/7
  3993 | D:5      | Found Muhefeir's Book Shop.
  4088 | D:5      | HP: 2/50 [orc priest/divine providence (9)]
  4094 | D:5      | Reached skill level 5 in Shields
  4542 | D:5      | Reached skill level 7 in Staves
  5232 | D:6      | Reached XP level 8. HP: 42/57 MP: 8/8
  5341 | D:6      | You fall into a shaft and drop 1 floor!
  5630 | D:7      | Found a staircase to the Ecumenical Temple.
  5633 | D:7      | You fall into a shaft and drop 1 floor!
  5649 | D:8      | Found a hazy altar of Hepliaklqana.
  5649 | D:8      | Noticed a wyvern
  5670 | D:8      | Killed a wyvern
  5749 | Temple   | Entered the Ecumenical Temple
  5852 | Temple   | Became a worshipper of Yredelemnul the Dark
  5987 | D:7      | Found a large runed translucent door.
  5987 | D:7      | Found a large runed translucent door.
  5987 | D:7      | Found the ring of Shadows {Umbra +Inv Stlth+}
  6001 | D:7      | Reached * piety under Yredelemnul
  6029 | D:7      | Reached skill level 8 in Staves
  6250 | D:7      | Noticed a komodo dragon
  6263 | D:7      | Killed from afar by a steam dragon

Illustrated notes

Levels and vault maps discovered:
D:1:      evilmike_arrival_rings, layout_loops_ring,
          ebering_ecumenical_altar_mist, minmay_misc_feat_secret_circle,
          wad_floor_pattern_2
D:2:      layout_basic, basic_altar, item_on_display_a
D:3:      layout_basic, zin_treasury, cheibrodos_sewer_entry_bend
D:4:      layout_loops_ring
D:5:      layout_basic, serial_shops, nicolae_shop_trees,
          grunt_decor_mini_mirrors
D:6:      layout_cave_pools, nicolae_shop_i_like_big_books
D:7:      layout_cave_pods, chei_slow_surprise, minmay_temple_entry_trees,
          minmay_hollow_rounded_squares
D:8:      layout_rooms, nicolae_hepliaklqana_hazy_memory
Temple:   dpeg_five_rooms_temple

Skill      XL: |  1  2  3  4  5  6  7  8 |
---------------+-------------------------+-----
Staves         | 4 5 6 7 8 |  8.0
Shields        | 2 4 6 7 |  7.5
Fighting       | 4 |  4.5
Throwing       | |  2.0
Dodging        | |  2.6

Action                   |  1- 3 |  4- 6 |  7- 9 || total
-------------------------+-------+-------+-------++-------
Melee: Quarterstaff      |    77 |   122 |   164 ||   363
 Abil: Shaft Self        |       |       |     1 ||     1
  Use: Scroll            |    12 |     3 |     2 ||    17
       Potion            |       |     1 |     2 ||     3
 Stab: Sleeping          |     1 |       |       ||     1
       Distracted        |       |     1 |       ||     1
Armor: Leather armour    |    15 |    18 |    37 ||    70
Dodge: Dodged            |    45 |    60 |    70 ||   175
Block: Kite shield       |       |    29 |    77 ||   106
